Map: Proxima Station LE

Players

LinkinPark

  • Race: Terran Terran
  • League: Grandmaster
  • Spawn Location: 7:00

NORTHAMERICA - Winner!

  • Race: Protoss Protoss
  • League: Grandmaster
  • Spawn Location: 1:00

VOD

Have the link to the VOD?

Description

Time

  • Played on: Feb. 22, 2017, 1:55 a.m.
  • Length: 14:02
Show
View Real Time Build Order
Export as new Build Order

LinkinPark Terran 

Build Orders: Bio Mine 

Get SALT Encoding   

  12  0:00  SCV  
  13  0:13  SCV  
  14  0:19  Supply Depot  
  14  0:25  SCV  
  14  0:28  Refinery  
  15  0:40  SCV  
  16  0:45  Barracks  
  16  0:53  SCV  
  17  1:05  SCV  
  18  1:17  SCV  
  20  1:32  Reaper  
  20  1:33  Orbital Command  
  20  1:44  Command Center  
  20  1:56  Factory  
  20  1:59  SCV  
  21  2:05  Refinery  
  21  2:07  Barracks Reactor  
  21  2:11  SCV  
  22  2:16  Supply Depot  
  22  2:23  SCV  
  23  2:37  SCV  
  23  2:42  Widow Mine  
  26  2:45  Marine x2  
  26  2:47  Starport  
  26  2:51  SCV  
  29  2:54  Engineering Bay  
  29  3:05  Orbital Command  
  29  3:07  Marine  
  29  3:09  Marine  
  31  3:20  Cyclone  
  31  3:25  Missile Turret  
  29  3:39  Marine  
  22  3:51  Medivac  
  22  4:02  Marine  
  22  4:03  SCV  
  22  4:04  Marine  
  22  4:08  SCV  
  26  4:21  Widow Mine  
  26  4:23  Marine  
  30  4:25  Marine  
  30  4:28  Supply Depot  
  30  4:41  Bunker  
  30  4:49  SCV x2  
  30  4:52  Marine  
  33  5:01  SCV x2  
  34  5:08  Terran Infantry Weapons Level 1  
  34  5:13  SCV x2  
  36  5:23  Barracks Tech Lab  
  36  5:26  SCV x2  
  38  5:34  Widow Mine x2  
  42  5:38  SCV x2  
  42  5:40  Missile Turret  
  44  5:43  Stimpack  
  44  5:50  Supply Depot  
  44  5:51  SCV  
  45  5:59  SCV  
  46  6:11  Widow Mine, Medivac, SCV x2  
  46  6:16  Supply Depot  
  52  6:22  Supply Depot  
  52  6:23  SCV  
  52  6:24  Marine  
  54  6:37  SCV x2  
  56  6:44  Command Center  
  56  6:49  Widow Mine  
  56  6:50  Widow Mine  
  56  6:51  SCV  
  56  6:52  Marine  
  62  6:55  SCV  
  63  7:02  Supply Depot  
  63  7:03  SCV  
  63  7:04  Terran Infantry Armor Level 1  
  64  7:10  SCV  
  65  7:23  Barracks  
  65  7:24  Widow Mine x2  
  65  7:26  Barracks  
  65  7:29  Medivac  
  71  7:30  SCV  
  71  7:36  SCV  
  69  7:40  Marine  
  69  7:44  Combat Shields  
  70  7:46  SCV, Armory  
  70  7:48  Engineering Bay, SCV  
  72  7:51  Supply Depot  
  72  7:54  Supply Depot  
  72  7:56  Widow Mine  
  72  7:57  Widow Mine  
  76  8:01  Marine  
  76  8:04  Orbital Command  
  77  8:13  Factory, Barracks Reactor  
  77  8:14  Barracks Tech Lab  
  77  8:15  SCV  
  77  8:18  Starport Reactor  
  77  8:19  Marine  
  75  8:25  Widow Mine  
  75  8:26  SCV  
  78  8:28  Bunker  
  78  8:29  Refinery  
  78  8:32  Refinery  
  78  8:33  Orbital Command  
  78  8:34  Concussive Shells, Marauder  
  80  8:39  Marauder  
  82  8:43  Terran Infantry Weapons Level 2  
  82  8:44  Supply Depot  
  82  8:50  SCV x2  
  82  8:52  Marine  
  82  8:53  Supply Depot  
  85  9:00  Widow Mine  
  85  9:02  Factory Tech Lab  
  83  9:04  Marine  
  83  9:06  SCV  
  83  9:08  SCV  
  83  9:09  Marine  
  85  9:12  Widow Mine  
  85  9:15  Medivac x2  
  91  9:20  SCV x3  
  91  9:23  Supply Depot  
  94  9:25  Marine x2  
  94  9:31  Drilling Claws  
  95  9:34  SCV  
  95  9:37  SCV  
  97  9:41  Marauder x2  
  97  9:43  Widow Mine x2  
  97  9:45  Widow Mine  
  105  9:47  SCV x2  
  105  9:49  Supply Depot, SCV  
  105  9:51  Marine  
  111  9:59  SCV x2  
  113  10:02  Supply Depot  
  113  10:03  Supply Depot, Terran Infantry Armor Level 2  
  113  10:07  Medivac  
  113  10:09  Marauder  
  117  10:14  Refinery  
  117  10:15  Missile Turret  
  117  10:16  Refinery, SCV  
  117  10:18  SCV  
  117  10:21  Marauder  
  121  10:22  Marine  
  121  10:23  Marine  
  121  10:27  Widow Mine x2  
  127  10:30  Marine  
  128  10:36  Widow Mine  
  128  10:40  Barracks  
  126  10:43  Barracks, SCV x2  
  126  10:44  Marine  
  126  10:45  Marauder  
  126  10:48  Marine x2  
  133  10:59  Widow Mine x2  
  133  11:02  Marine  
  130  11:06  SCV x2, Marauder x2  
  136  11:12  Widow Mine  
  136  11:13  Marine  
  136  11:16  Medivac x2  
  143  11:20  Marine  
  144  11:28  Widow Mine  
  144  11:29  Barracks x2  
  144  11:31  Barracks  
  144  11:32  Sensor Tower, Barracks Reactor  
  146  11:35  Barracks Tech Lab  
  146  11:38  Marine  
  146  11:39  Marine  
  148  11:48  Terran Ship Weapons Level 1  
  146  11:55  Liberator  
  146  11:56  Marine, Marauder, Liberator  
  146  12:00  Marine  
  150  12:01  Marauder  
  150  12:02  Marauder  
  150  12:13  Widow Mine  
  157  12:17  Marine x2  
  157  12:20  Marine  
  157  12:21  Widow Mine  
  155  12:24  Marauder  
  155  12:28  Marine  
  155  12:29  Barracks Tech Lab  
  134  12:30  Barracks Tech Lab  
  134  12:31  Barracks Tech Lab  
  134  12:32  Marauder  
  134  12:34  Widow Mine  
  134  12:35  Marine x2  
  138  12:42  Marine, Marauder  
  133  12:45  Widow Mine, Marauder  
  133  12:46  Marine  
  133  12:48  Marine x2  
  133  12:50  Marauder  
  142  12:53  Marine x2, Marauder  
  142  12:55  Medivac  
  142  12:56  Orbital Command, Medivac  
  150  13:00  Marine  
  150  13:04  Marauder  
  152  13:06  Marine, Marauder  
  152  13:07  Marauder  
  155  13:14  Marine  
  155  13:15  Marauder x2  
  140  13:26  Marauder  
  114  13:28  Marine  
  114  13:29  Marine  
  114  13:30  Marauder x2  
Show
View Real Time Build Order
Export as new Build Order

NORTHAMERICA Protoss - Winner!

Build Orders: Oracle Opening 

Get SALT Encoding   

  12  0:01  Probe (Chrono Boost)  
  13  0:11  Probe (Chrono Boost)  
  14  0:17  Pylon  
  14  0:23  Probe (Chrono Boost)  
  16  0:35  Probe (Chrono Boost)  
  16  0:39  Gateway  
  16  0:46  Probe (Chrono Boost)  
  16  0:47  Assimilator  
  17  0:52  Assimilator  
  17  0:56  Probe (Chrono Boost)  
  18  1:07  Probe (Chrono Boost)  
  19  1:17  Probe (Chrono Boost)  
  20  1:26  Pylon  
  20  1:27  Cybernetics Core  
  20  1:28  Probe (Chrono Boost)  
  21  1:38  Probe (Chrono Boost)  
  22  1:49  Probe (Chrono Boost)  
  23  2:00  Probe (Chrono Boost)  
  24  2:04  Stargate  
  24  2:10  Pylon  
  24  2:11  Mothership Core (Chrono Boost)  
  24  2:13  Adept  
  28  2:17  Warp Gate  
  28  2:29  Probe (Chrono Boost)  
  29  2:44  Oracle  
  29  2:49  Pylon  
  29  2:50  Pylon  
  33  3:06  Probe (Chrono Boost)  
  33  3:15  Oracle  
  33  3:16  Nexus  
  35  3:45  Probe (Chrono Boost)  
  35  3:46  Twilight Council  
  36  3:48  Gateway  
  37  3:57  Probe (Chrono Boost)  
  34  4:07  Robotics Facility  
  34  4:09  Probe (Chrono Boost)  
  35  4:19  Phoenix  
  35  4:20  Probe (Chrono Boost)  
  38  4:28  Probe (Chrono Boost)  
  38  4:29  Blink  
  38  4:30  Probe (Chrono Boost)  
  40  4:31  Pylon  
  40  4:40  Probe (Chrono Boost)  
  40  4:41  Probe (Chrono Boost)  
  42  4:51  Probe (Chrono Boost)  
  43  4:56  Probe (Chrono Boost)  
  44  5:01  Probe (Chrono Boost)  
  44  5:06  Probe (Chrono Boost)  
  46  5:12  Observer  
  46  5:13  Nexus  
  47  5:19  Probe (Chrono Boost), Pylon  
  47  5:20  Probe (Chrono Boost)  
  49  5:21  Sentry  
  51  5:32  Probe (Chrono Boost)  
  51  5:33  Probe (Chrono Boost)  
  53  5:36  Gateway  
  53  5:40  Gateway  
  53  5:44  Probe (Chrono Boost)  
  53  5:49  Pylon  
  54  5:52  Pylon  
  54  5:55  Pylon x2  
  54  5:58  Pylon  
  54  6:03  Immortal  
  54  6:09  Probe (Chrono Boost)  
  59  6:11  Stalker x2  
  59  6:17  Gateway  
  63  6:19  Gateway  
  63  6:25  Probe (Chrono Boost)  
  64  6:26  Probe (Chrono Boost)  
  64  6:27  Probe (Chrono Boost)  
  66  6:35  Probe (Chrono Boost)  
  66  6:36  Probe (Chrono Boost)  
  68  6:40  Probe (Chrono Boost)  
  68  6:42  Robotics Bay  
  68  6:45  Assimilator  
  68  6:46  Probe (Chrono Boost)  
  71  6:47  Probe (Chrono Boost)  
  71  6:48  Assimilator  
  71  6:51  Probe (Chrono Boost)  
  71  6:52  Immortal  
  76  6:56  Probe (Chrono Boost)  
  76  6:57  Probe (Chrono Boost)  
  78  7:02  Probe (Chrono Boost)  
  78  7:07  Probe (Chrono Boost)  
  80  7:11  Forge  
  80  7:12  Forge  
  80  7:13  Pylon  
  80  7:18  Probe (Chrono Boost)  
  80  7:20  Probe x2 (Chrono Boost)  
  80  7:22  Pylon, Zealot  
  82  7:30  Pylon  
  82  7:33  Observer  
  77  7:38  Probe x2 (Chrono Boost)  
  77  7:40  Protoss Ground Weapons Level 1, Protoss Ground Armor Level 1, Extended Thermal Lance  
  78  7:48  Probe (Chrono Boost), Robotics Facility  
  79  7:52  Pylon  
  79  8:00  Probe x2 (Chrono Boost)  
  79  8:02  Probe (Chrono Boost)  
  82  8:11  Probe (Chrono Boost)  
  84  8:13  Probe (Chrono Boost)  
  84  8:14  Probe (Chrono Boost), Colossus  
  90  8:21  Probe (Chrono Boost)  
  90  8:25  Probe (Chrono Boost)  
  90  8:26  Photon Cannon, Probe (Chrono Boost)  
  93  8:27  Zealot  
  93  8:32  Probe (Chrono Boost), Resonating Glaives  
  96  8:37  Probe (Chrono Boost), Colossus  
  96  8:38  Probe (Chrono Boost)  
  104  8:42  Probe (Chrono Boost)  
  104  8:44  Assimilator  
  106  8:49  Probe (Chrono Boost)  
  106  8:50  Probe (Chrono Boost), Assimilator  
  106  8:52  Photon Cannon  
  106  8:53  Adept x3  
  113  9:04  Probe (Chrono Boost)  
  113  9:09  Probe (Chrono Boost)  
  115  9:14  Probe (Chrono Boost)  
  122  9:17  Probe (Chrono Boost)  
  122  9:25  Gateway  
  122  9:26  Gateway  
  122  9:27  Protoss Ground Weapons Level 2  
  122  9:32  Stalker x5  
  122  9:36  Pylon  
  122  9:38  Disruptor, Protoss Ground Armor Level 2  
  129  9:56  Colossus  
  129  9:59  Nexus  
  129  10:00  Pylon  
  129  10:01  Pylon  
  135  10:08  Gateway  
  135  10:12  Pylon  
  135  10:13  Pylon  
  135  10:14  Pylon x2, Disruptor  
  138  10:25  Photon Cannon  
  138  10:33  Stalker x4  
  146  10:44  Colossus  
  146  10:48  Disruptor, Adept x3  
  146  10:49  Adept  
  154  10:50  Pylon  
  163  11:00  Photon Cannon  
  163  11:04  Photon Cannon  
  145  11:05  Assimilator  
  145  11:06  Probe x3 (Chrono Boost)  
  145  11:11  Probe (Chrono Boost), Assimilator  
  147  11:13  Adept  
  147  11:18  Probe (Chrono Boost)  
  151  11:21  Probe (Chrono Boost), Disruptor  
  151  11:22  Probe (Chrono Boost)  
  151  11:23  Probe (Chrono Boost)  
  154  11:30  Probe (Chrono Boost)  
  158  11:36  Dark Shrine  
  158  11:37  Stalker x2  
  162  11:48  Probe (Chrono Boost)  
  162  11:53  Adept x2  
  162  11:54  Adept x5  
  163  12:16  Probe x3 (Chrono Boost)  
  155  12:27  Colossus  
  151  12:31  Colossus  
  151  12:34  Probe (Chrono Boost)  
  152  12:54  Probe (Chrono Boost)  
  152  12:57  Stalker x2  
  157  13:02  Probe (Chrono Boost)  
  135  13:29  Stalker x3  
  135  13:30  Stalker x3  
Tags
 
Add a new tag
Caveats
  • Supply blocks, unpowered buildings, or Contaminate may cause inaccurate times.
  • Supply counts are checked every 10 seconds.